 Dungeon Crawl Stone Soup version 0.17-a0-1497-g03599f7 (webtiles) character file.

86 urechis the Twirler (level 4, -1/28 HPs)
             Began as a Tengu Gladiator on July 6, 2015.
             Slain by a quokka (5 damage)
             ... on level 3 of the Dungeon.
             The game lasted 00:02:13 (1880 turns).

urechis the Twirler (Tengu Gladiator)               Turns: 1880, Time: 00:02:14

Health: -1/28      AC:  3    Str: 15    XL:     4   Next: 49%
Magic:  5/5        EV: 16    Int:  9    God:
Gold:   84         SH:  0    Dex: 15    Spells: 0 memorised, 3 levels left

rFire  . . .     SeeInvis .     a - +0 quarterstaff
rCold  . . .     Clarity  .     b - +0 leather armour
rNeg   . . .     SustAt   .     (no shield)
rPois  .         Gourm    .     c - +0 hat
rElec  .         Spirit   .     (no cloak)
rCorr  .         Warding  .     (no gloves)
rMut   .         Stasis   .     (boots unavailable)
MR     .....                    (no amulet)
Stlth  +.........               (no ring)
                                m - +3 ring of evasion

@: lethally poisoned (-1 -> -4), drained, not resistant to hostile enchantments,
very unstealthy
A: beak, talons 3
a: no special abilities


You were on level 3 of the Dungeon.
You were not hungry.

You visited 1 branch of the dungeon, and saw 3 of its levels.

You collected 84 gold pieces.

Inventory:

Hand weapons
 a - a +0 quarterstaff (weapon)
Missiles
 d - 3 throwing nets (quivered)
 n - 20 poisoned needles
Armour
 b - a +0 leather armour (worn)
 c - a +0 hat (worn)
Jewellery
 m - a +3 ring of evasion (left hand)
 o - an uncursed amulet of faith {unknown}
Scrolls
 h - a scroll of teleportation {unknown}
 j - a scroll of noise {unknown}
 k - 3 scrolls of identify {unknown}
 l - a scroll of fog {unknown}
Potions
 f - 2 potions of lignification {unknown}
 g - 3 potions of curing {unknown}
Comestibles
 e - 2 bread rations
 i - 2 meat rations
 p - a chunk of flesh


   Skills:
 + Level 3.1(3.0) Fighting
 * Level 4.9(4.8) Staves
 - Level 2.1(2.0) Throwing
 - Level 3.2(3.1) Dodging


You had 3 spell levels left.
You didn't know any spells.

Dungeon Overview and Level Annotations

Branches:
Dungeon (3/15)

Altars:
Ashenzari
Qazlal


Innate Abilities, Weirdness & Mutations

You have a beak for a mouth.
You have claws for feet.


Message History

You are too injured to fight recklessly!
You are too injured to fight recklessly!
You are too injured to fight recklessly!
You hit the quokka.
The quokka is almost dead.
The quokka misses you. The quokka bites you.
* * * LOW HITPOINT WARNING * * *
You closely miss the quokka. You claw the quokka, but do no damage.
The quokka is almost dead.
* * * LOW HITPOINT WARNING * * *
You feel sick. The quokka barely misses you. The quokka barely misses you.
The quokka misses you.
You closely miss the quokka. Your kick misses the quokka.
Your peck misses the quokka.
The quokka is almost dead.
The quokka misses you. The quokka completely misses you. The quokka misses you.
You hit the quokka.
You kill the quokka!
The quokka bites you.
You die...

#...## ....
..... ....
#)..# .....
#...# .....
#...# ......
#...#
......###...##
.............#
......)@.....#
.......r.....#
.............#
.......<.....#
.............#
.............#
......########
######


You could see a quokka.

Vanquished Creatures
  3 adders
  An ooze (D:2)
  A worm (D:2)
  An orc (D:2)
  10 bats
  2 giant cockroaches (D:2)
  4 goblins
  5 hobgoblins
  4 jackals (D:1)
  8 kobolds
  4 quokkas
  2 giant newts
  2 rats
47 creatures vanquished.

Notes
Turn   | Place    | Note
--------------------------------------------------------------
     0 | D:1      | urechis the Tengu Gladiator began the quest for the Orb.
     0 | D:1      | Reached XP level 1. HP: 12/12 MP: 2/2
   414 | D:1      | Reached XP level 2. HP: 17/17 MP: 3/3
   730 | D:1      | Reached skill level 4 in Staves
   922 | D:1      | Reached XP level 3. HP: 22/22 MP: 4/4
  1265 | D:2      | Found a stormy altar of Qazlal.
  1294 | D:2      | Found a shattered altar of Ashenzari.
  1677 | D:2      | Reached XP level 4. HP: 26/28 MP: 5/5
  1880 | D:3      | Slain by a quokka

Vault maps used:
D:1:      mrwooster_arrival_arrow
D:2:      ashenzari_altar_1, first_bread, nicolae_qazlal_eye_of_the_storm
D:3:      lemuel_doored_altar, ecumenical_altar_2

Action                   |  1- 3 |  4- 6 || total
-------------------------+-------+-------++-------
Melee: Quarterstaff      |   101 |    33 ||   134
 Stab: Sleeping          |     3 |       ||     3
  Eat: Chunk             |     2 |     1 ||     3
